 Dungeon Crawl Stone Soup version 0.28-a0-804-g60983d4ba9 (webtiles) character file.

Game seed: 388396498165948696

38 cheechan the Skirmisher (level 3, 0/34 HPs)
             Began as a Naga Fighter on Nov 8, 2021.
             Slain by a goblin (3 damage)
             ... led by Robin
             ... on level 2 of the Dungeon.
             The game lasted 00:04:20 (1118 turns).

cheechan the Skirmisher (Naga Fighter)              Turns: 1118, Time: 00:04:20

Health: 0/34       AC:  4    Str: 18    XL:     3   Next: 43%
Magic:  3/3        EV:  7    Int:  8    God:
Gold:   75         SH:  5    Dex: 11    Spells: 2/2 levels left

rFire   . . .      SeeInvis +   a - +1 war axe
rCold   . . .      Faith    .   c - +1 buckler
rNeg    . . .      Spirit   .   b - +0 scale mail
rPois   +          Reflect  .   (no helmet)
rElec   .          Harm     .   (no cloak)
rCorr   .          Rampage  .   (no gloves)
Will    .....                   (no barding)
Stlth   ..........              (no amulet)
HPRegen 0.11/turn               (no ring)
MPRegen 0.08/turn               (no ring)

@: mighty, very slow
A: AC +1, large, see invisible, deformed body, poison resistance, slowness 2,
spit poison 1, naga tail 1
a: Spit Poison


You were on level 2 of the Dungeon.
You visited 1 branch of the dungeon, and saw 2 of its levels.

You collected 75 gold pieces.

Inventory:

Hand Weapons
 a - a +1 war axe (weapon)
 e - a +0 hunting sling
Missiles
 f - 11 poisoned darts
 h - 35 bolts
Armour
 b - a +0 scale mail (worn)
 c - a +1 buckler (worn)
Potions
 g - a potion of flight
 i - a potion of magic {unknown}
 j - a potion of cancellation {unknown}


   Skills:
 + Level 3.3 Fighting
 + Level 2.5 Axes
 + Level 2.8 Armour
 + Level 2.6 Shields


You had 2 spell levels left.
You didn't know any spells.
Your spell library was empty.

Dungeon Overview and Level Annotations

Branches:
Dungeon (2/15)

Altars:

Annotations:
D:2 Robin


Innate Abilities, Weirdness & Mutations

Your serpentine skin is tough. (AC +1)
You have supernaturally acute eyesight. (SInv)
Armour fits poorly on your strangely shaped body.
Your system is resistant to poisons. (rPois)
You cover ground very slowly.
You can spit poison.
You have a snake-like lower body.


Message History

The hobgoblin is lightly wounded.
You barely miss the goblin. The goblin hits you but does no damage.
The hobgoblin hits you.
A goblin comes into view. It is wielding a +0 club.
You closely miss the hobgoblin.
The hobgoblin is lightly wounded.
You hit the goblin.
You kill the goblin!
A rat comes into view.
The hobgoblin barely misses you.
Robin roars a battlecry!
The goblins go into a battle-frenzy!
You slash the hobgoblin!
You kill the hobgoblin!
You hit the goblin. The goblin hits you with a +0 dagger.
The hobgoblin hits you.
A goblin comes into view. It is wielding a +0 dagger.
You feel very mighty all of a sudden. The goblin hits you but does no damage.
The hobgoblin hits you.
* * * LOW HITPOINT WARNING * * *
You slash the hobgoblin!
You kill the hobgoblin!
You closely miss the goblin. The goblin hits you but does no damage.
Robin roars a battlecry!
The goblin goes into a battle-frenzy!
The goblin barely misses you.
You slash the hobgoblin!
You kill the hobgoblin!
You slash the goblin!
You kill the goblin!
The goblin hits you but does no damage.
You slash the goblin!
You kill the goblin!
Robin throws the goblin at you!
* * * LOW HITPOINT WARNING * * *
You barely miss Robin. You closely miss the goblin.
The goblin hits you with a +0 club.
* * * LOW HITPOINT WARNING * * *
Robin barely misses you. The goblin hits you with a +0 club.
You die...

##### ######...#
#........#
#.####...# #_#
##.###########g#..
#.#
#.......g@grgg...
#.#
##############.#.
#.# #.# #.# #.#
#.# #.# ##.# #.#
#..# ..# #.## #.#


You could see Robin, a hobgoblin (strong), 3 goblins and a rat.

Vanquished Creatures
  An adder (D:2)
  An endoplasm (D:1)
  A giant cockroach (D:2)
  5 goblins (D:2)
  5 hobgoblins
  2 ball pythons (D:1)
  4 bats
  3 kobolds
  6 rats
28 creatures vanquished.

Notes
Turn   | Place    | Note
-------+----------+-------------------------------------------
     0 | D:1      | cheechan the Naga Fighter began the quest for the Orb.
     0 | D:1      | Reached XP level 1. HP: 21/21 MP: 1/1
   308 | D:1      | Reached XP level 2. HP: 27/28 MP: 2/2
   975 | D:2      | Reached XP level 3. HP: 6/34 MP: 3/3
  1084 | D:2      | Found a faded altar of an unknown god.
  1108 | D:2      | Noticed Robin
  1118 | D:2      | Slain by a goblin

Illustrated notes

Levels and vault maps discovered:
D:1:      dpeg_arrival_oval, layout_loops_ring
D:2:      layout_loops_ring, basic_ecumenical_altar, uniq_robin, uniq_natasha

Action                   || total
-------------------------++-------
Melee: War axe           ||    61
 Abil: Spit Poison       ||     8
  Use: Scroll            ||     6
       Potion            ||     1
Armor: Scale mail        ||    37
Dodge: Dodged            ||    28
Block: Buckler           ||    19

Table legend: (Time is in decaauts)
 A = Elapsed time spent in this place.
 B = Non-inter-level travel time spent in this place.
 C = Inter-level travel time spent in this place.
 D = Time resting spent in this place.
 E = Time spent auto-exploring this place.
 F = Levels seen in this place.
 G = Mean time per level.
                   A        B        C        D        E       F      G
               +--------+--------+--------+--------+--------+-----+--------+
         Total |   1549 |   1549 |      0 |      0 |      0 |   2 |  774.5 |
       Dungeon |   1549 |   1549 |      0 |      0 |      0 |   2 |  774.5 |
               +--------+--------+--------+--------+--------+-----+--------+

Top non-repeatable levels by time:
     D:1: 1300 daAuts
     D:2: 249 daAuts
